 Dungeon Crawl Stone Soup version 0.27.0-1-g7a089689b8 (webtiles) character file.

Game seed: 11775141087529906657

276684 lnt the Eclecticist (level 20, -6/189 HPs)
             Began as a Gargoyle Earth Elementalist on Aug 6, 2021.
             Was a High Priest of Yredelemnul.
             Killed from afar by a hell knight (17 damage)
             ... with a bolt of fire
             ... on level 2 of the Vaults on Aug 8, 2021.
             The game lasted 05:53:44 (63586 turns).

lnt the Eclecticist (Gargoyle Earth Elementalist)  Turns: 63586, Time: 05:53:45

Health: -6/189     AC: 30    Str: 13    XL:     20   Next: 37%
Magic:  44/49      EV:  2    Int: 30    God:    Yredelemnul [*****.]
Gold:   2266       SH:  7    Dex:  6    Spells: 13/52 levels left

rFire    . . .     SeeInvis .   a - staff of earth
rCold    . . .     Faith    .   x - +3 buckler of Resonance {Int+6}
rNeg     + + +     Spirit   .   (armour currently unavailable)
rPois    ∞         Reflect  .   (helmet currently unavailable)
rElec    .         Harm     .   (cloak currently unavailable)
rCorr    +         Rampage  .   (gloves currently unavailable)
Will     ++...     NoTele   +   (boots currently unavailable)
Stlth    +.........             t - amulet of magic regeneration
HPRegen  0.41/turn              v - ring of willpower
MPRegen  0.56/turn              d - ring of Pride {Wiz rN+ rCorr MP+9 Dex-4}

@: tree-form, very slightly contaminated, invisible
A: stationary, stasis, torment immunity, boosted hp, sickness immunity, AC +15,
(big wings), negative energy resistance 1, (electricity resistance), torment
resistance 1, petrification resistance
}: 2/15 runes: serpentine, barnacled
a: Renounce Religion, Recall Undead Slaves, Injury Mirror, Animate Dead, Drain
Life, Enslave Soul


You were on level 2 of the Vaults.
You worshipped Yredelemnul.
Yredelemnul was extremely pleased with you.
You were a tree.
You visited 7 branches of the dungeon, and saw 36 of its levels.

You collected 4247 gold pieces.
You spent 1981 gold pieces at shops.

Inventory:

Hand Weapons
 f - a +0 trident
 Z - the +10 trident "Veepnimmobb" {venom, *Rage Fly rElec Stlth+}
   (You found it on level 6 of the Lair of Beasts)

   It poisons the flesh of those it strikes.
   rElec:     It insulates you from electricity.
   Fly:       It grants you flight.
   *Rage:     It may make you go berserk in combat.
   Stlth:     It makes you more stealthy.
Missiles
 k - 1110 stones (quivered)
Armour
 b - the +4 ring mail of Duck's Teeth (melded) {rN+ Will+ Str+4 Stlth-}
   (You found it on level 1 of the Snake Pit)

   Str:       It affects your strength (+4).
   rN:        It protects you from negative energy.
   Will:      It increases your willpower.
   Stlth:     It makes you less stealthy.
 g - a +2 pair of gloves (melded)
 q - a +2 pair of boots (melded)
 w - a +0 cloak (melded)
 x - the +3 buckler of Resonance (worn) {Int+6}
   (You bought it in a shop on level 3 of the Shoals)

   Int:       It affects your intelligence (+6).
 C - a +2 helmet of see invisible (melded)
 E - a +2 robe of fire resistance
 I - the +1 robe "Waick" {*Corrode rC++}
   (You bought it in a shop on level 2 of the Orcish Mines)

   rC:        It greatly protects you from cold.
   *Corrode:  It may corrode you when you take damage.
Magical Staves
 a - a staff of earth (weapon)
Jewellery
 d - the ring of Pride (right branch) {Wiz rN+ rCorr MP+9 Dex-4}
   (You acquired it on level 1 of the Vaults)

   [ring of wizardry]

   It improves your spell success rate.
   Dex:       It affects your dexterity (-4).
   rN:        It protects you from negative energy.
   MP:        It affects your magic capacity (+9).
   rCorr:     It protects you from acid and corrosion.
 e - a ring of positive energy
 t - an amulet of magic regeneration (around neck)
 v - a ring of willpower (left branch)
 B - a ring of ice
 D - a +6 ring of intelligence
 G - a +4 ring of evasion
 H - a ring of resist corrosion
 K - a ring of fire
 O - the ring of Fatiel {+Blink Fly rC+ Int+2}
   (You bought it in a shop on level 2 of the Orcish Mines)

   [ring of protection from cold]

   Int:       It affects your intelligence (+2).
   rC:        It protects you from cold.
   Fly:       It grants you flight.
   +Blink:    It lets you blink.
Wands
 m - a wand of mindburst (68)
 y - a wand of acid (9)
 A - a wand of flame (15)
 L - a wand of polymorph (44)
 M - a wand of paralysis (22)
 Q - a wand of iceblast (45)
Scrolls
 c - 2 scrolls of enchant armour
 r - 7 scrolls of enchant weapon
 s - 5 scrolls of amnesia
 u - 4 scrolls of magic mapping
 T - 4 scrolls of identify
 Y - 2 scrolls of brand weapon
Potions
 h - 9 potions of might
 i - a potion of cancellation
 n - 4 potions of lignification
 o - a potion of resistance
 R - 2 potions of magic
 S - 4 potions of curing
 U - 3 potions of haste
 W - 5 potions of ambrosia
 X - 9 potions of brilliance
Miscellaneous
 j - a tin of tremorstones (2/2)
 F - a phial of floods (inert)
 V - a box of beasts (inert)


   Skills:
 + Level 13.9 Fighting
 - Level 12.0 Staves
 - Level 4.1 Armour
 - Level 8.3 Dodging
 - Level 2.1 Stealth
 - Level 4.0 Shields
 + Level 16.6 Spellcasting
 + Level 16.2 Conjurations
 - Level 8.0 Transmutations
 + Level 14.2 Earth Magic
 + Level 10.1 Invocations
 + Level 5.8 Evocations


You had 13 spell levels left.
You knew the following spells:

 Your Spells              Type           Power      Damage    Failure   Level
a - Stone Arrow           Conj/Erth      100%       3d13      0%          3
b - Iron Shot             Conj/Erth      54%        9d10      1%          6
c - Fulminant Prism       Conj/Hex       32%        3d16      1%          4
d - Petrify               Tmut/Erth      95%        N/A       1%          4
e - Irradiate             Conj/Tmut      39%        3d26      1%          5
f - Passwall              Tmut/Erth      79%        N/A       1%          2
g - Sandblast             Erth           100%       2d20      0%          1
h - Iskenderun's Battles  Conj           89%        2d14      1%          5
i - Iskenderun's Mystic   Conj/Tloc      65%        2d13      1%          4
l - Lee's Rapid Deconstr  Erth           52%        3d26*     1%          5

Your spell library contained the following spells:

 Spells                   Type           Power      Damage    Failure   Level
 Magic Dart               Conj           100%       1d8       0%          1
 Searing Ray              Conj           100%       3d7       0%          2
 Animate Skeleton         Necr           48%        N/A       1%          1
 Foxfire                  Conj/Fire      100%       2x1d9     1%          1
 Pain                     Necr           96%        1d8       1%          1
 Summon Small Mammal      Summ           96%        N/A       1%          1
 Blink                    Tloc           N/A        N/A       1%          2
 Slow                     Hex            24%        N/A       1%          2
 Conjure Flame            Conj/Fire      65%        6-21      1%          3
 Animate Armour           Summ/Erth      100%       N/A       1%          4
 Sticky Flame             Conj/Fire      65%        2d8       1%          4
 Blade Hands              Tmut           32%        N/A       1%          5
 Bolt of Magma            Conj/Fire/Erth 45%        4d19      1%          5
 Borgnjor's Vile Clutch   Necr/Erth      40%        N/A       1%          5
 Call Canine Familiar     Summ           24%        N/A       2%          3
 Confusing Touch          Hex            24%        N/A       2%          3
 Gell's Gravitas          Tloc           12%        N/A       2%          3
 Inner Flame              Hex/Fire       24%        N/A       2%          3
 Lesser Beckoning         Tloc           12%        N/A       2%          3
 Summon Guardian Golem    Hex/Summ       24%        N/A       2%          3
 Teleport Other           Tloc           24%        N/A       2%          3
 Vampiric Draining        Necr           12%        2d7       2%          3
 Starburst                Conj/Fire      32%        8x6d10    4%          6
 Animate Dead             Necr           12%        N/A       8%          4
 Summon Ice Beast         Ice/Summ       24%        N/A       8%          4
 Lehudib's Crystal Spear  Conj/Erth      54%        10d13     9%          8
 Manifold Assault         Tloc           24%        N/A       21%         5
 Summon Mana Viper        Hex/Summ       24%        N/A       21%         5
 Spellforged Servitor     Conj/Summ      32%        N/A       21%         7
 Death Channel            Necr           12%        N/A       69%         6
 Monstrous Menagerie      Summ           12%        N/A       99%         7
 Borgnjor's Revivificati  Necr           12%        N/A       100%        8
 Sublimation of Blood     Necr           Unusable   N/A       N/A         2

Dungeon Overview and Level Annotations

Branches:
Dungeon (15/15)            Temple (1/1) D:4            Lair (6/6) D:8
 Shoals (4/4) Lair:2        Snake (4/4) Lair:4        Slime (0/5) Lair:6
    Orc (2/2) D:11            Elf (0/3) Orc:2        Vaults (4/5) D:13
 Depths (0/5) D:15
  Crypt: Vaults:2-3

Altars:
Ashenzari
Cheibriados
Dithmenos
Elyvilon
Fedhas
Gozag
Hepliaklqana
Kikubaaqudgha
Makhleb
Nemelex Xobeh
Okawaru
Qazlal
Ru
Sif Muna
Trog
Uskayaw
Vehumet
Wu Jian
Xom
Yredelemnul
Zin
The Shining One
Jiyva

Shops:
Orc:2 [[[=   Shoals:3 [   Snake:1 =:=   Snake:4 !   Vaults:2 (

Portals:
Abyss: D:14
Trove: Vaults:2 (give +7 demon blade)

Annotations:
D:14 2 transporters, Uqorphet's ghost, journeyman DECj
Lair:2 exclusion: oklob plant
Lair:3 exclusion: downstairs
Lair:6 exclusion: oklob plant
Shoals:4 1 exclusion
Snake:2 1 runed translucent door
Orc:2 3 runed translucent doors, Tinen's ghost, journeyman TrMo


Innate Abilities, Weirdness & Mutations

You are a tree.
Your roots penetrate the ground, keeping you stationary.
You cannot be teleported.
You are immune to unholy pain and torment.
Your maximum health is greatly increased.
Your equipment is partially melded.
You are immune to sickness and miasma.
((Your stone body is resilient. (AC +15)))
You are immune to poison.
((Your large and strong wings let you fly.))
You resist negative energy. (rN+)
((You are resistant to electric shocks. (rElec)))
You are resistant to unholy torment.
You are immune to petrification.


Message History

The hell knight is blasted with magical radiation!!
You kill the hell knight!
Yredelemnul accepts your kill.
The hell knight is blasted with magical radiation!!
You kill the hell knight!
Yredelemnul accepts your kill.
The hell knight is blasted with magical radiation!!!
You kill the hell knight!
Yredelemnul accepts your kill.
The hell knight is blasted with magical radiation!!
The hell knight is heavily wounded.
The hell knight twists and deforms.
Your juvenile firebat beast hits the hell knight.
The hell knight hits you from afar with a +4 halberd.
* * * LOW HITPOINT WARNING * * *
The hellephant tramples you.
* * * LOW HITPOINT WARNING * * *
You are shoved backwards!
You block the hell knight's attack.
Really quaff the potion of lignification?
You turn into a tree.
Your +0 cloak melds into your body.
Your +2 helmet of see invisible melds into your body.
Your +2 pair of gloves melds into your body.
Your +2 pair of boots melds into your body.
The +4 ring mail of Duck's Teeth {rN+ Will+ Str+4 Stlth-} melds into your body.
You feel less perceptive.
Your roots penetrate the ground.
The hell knight casts a spell at the hell knight.
The bolt of fire misses the hell knight.
The bolt of fire hits you!
* * * LOW HITPOINT WARNING * * *
Your juvenile firebat beast hits the hell knight!
The hell knight hits you but does no damage.
The hellephant breathes flames at you. The blast of flame hits you!
* * * LOW HITPOINT WARNING * * *
The hell knight hits you with a +4 halberd.
* * * LOW HITPOINT WARNING * * *
The hell knight casts a spell at you. The bolt of fire hits you!
You die...
Your body rises from the dead as a mindless zombie.

#..#.....#
#...Z....'....#
......#..#
#....Z.?.#..###
.........#
#........#....#
##########
########........#..###
#.)....#.......Z#...?#
#......#........Z..###
#.....[#........'.....
#...pp.#........#.....
#.ppY♣.#........####[#
#..ppH.##########....[
#)p.p..# #.....
##p##############..<..
#..............#.....
#p.............#.....
#Y.p'''''''''..#.....
#..'pYp'+++ 'Z.#####'
#.))Yp''+++ 'Z.#.....


You could see a hellephant (catching breath, misshapen), 9 hell knights and a
friendly juvenile firebat beast (summoned).

Vanquished Creatures
  Vashnia (Snake:2)
  Nikola (Shoals:1)
  2 bone dragons
  Polyphemus (Shoals:2)
  Frances (Snake:1)
  A kraken (Shoals:4)
  3 nagarajas (Snake:4)
  2 vault wardens (Vaults:2)
  A frost giant (Shoals:4)
  3 war gargoyles
  4 ironbound preservers
  A ghoul (D:13)
  A vampire knight (Vaults:1)
  A very ugly thing (Vaults:2)
  A dire elephant (Lair:6)
  An ettin (Orc:2)
  A merfolk javelineer (Shoals:3)
  Josephine (D:13)
  3 ironbound thunderhulks
  2 great orbs of eyes (Vaults:2)
  9 merfolk impalers
  7 boulder beetles
  Fannar (D:11)
  10 vault guards
  5 yaktaur captains
  A servant of whispers (Vaults:3)
  2 merfolk avatars
  4 centaur warriors
  2 catoblepae
  4 naga warriors
  3 hydras
  4 salamander tyrants
  2 peacekeepers
  6 merfolk aquamancers (Shoals:4)
  2 ogre magi
  8 anacondas
  A deep troll shaman (Lair:6)
  2 ironbound frosthearts
  3 tengu warriors (D:14)
  2 two-headed ogres
  An alligator snapping turtle (Shoals:4)
  3 death knights
  2 satyrs
  The ghost of om the Basher, a novice PaBe of Trog (D:9)
  5 shock serpents
  13 naga sharpshooters
  8 death yaks
  An ironbound beastmaster (Vaults:2)
  A deep elf knight (D:13)
  3 hell knights (Vaults:2)
  A fire crab (Lair:3)
  3 skeletal warriors
  A titan skeleton (D:15)
  15 deep trolls
  2 salamander mystics
  9 sea snakes
  A kraken simulacrum (Shoals:4)
  A deep elf archer (D:13)
  The ghost of dtburroughs the Chopper, a novice MiBe of Trog (D:7)
  Pikel (D:5)
  A flayed ghost (D:15)
  3 necromancers
  3 ironbound convokers
  A deep elf pyromancer (D:9)
  3 naga ritualists
  A phantasmal warrior (D:12)
  A sphinx zombie (D:15)
  21 harpies
  18 ugly things
  4 mana vipers
  An orc knight (D:11)
  6 cyclopes
  A tengu skeleton (Vaults:2)
  9 fauns
  18 manticores
  2 orc sorcerers
  21 black mambas
  A stone giant zombie (Vaults:2)
  4 merfolk sirens
  11 elephants
  13 salamanders
  A frost giant skeleton (D:15)
  12 naga magi
  6 water nymphs
  6 vault sentinels
  2 guardian serpents
  2 gargoyles
  2 kobold demonologists (D:12)
  A rime drake (Lair:4)
  11 cane toads
  15 yaktaurs
  An efreet (D:13)
  7 freezing wraiths
  6 komodo dragons
  A jumping spider (shapeshifter) (D:9)
  3 tengu conjurers (D:13)
  7 trolls
  10 merfolk
  A meliai (D:15)
  4 polar bears
  A queen bee (D:15)
  9 wind drakes
  8 blink frogs
  3 saltlings (Vaults:3)
  17 slime creatures
  2 fire giant simulacra
  14 snapping turtles
  7 dream sheep
  2 flying skulls (D:12)
  A shadow (D:10)
  An ettin skeleton (Vaults:2)
  2 water elementals (Shoals:4)
  A vampire (Snake:1)
  2 wyverns
  32 yaks
  13 wraiths
  2 vampire mosquitoes (D:15)
  Eustachio (D:6)
  2 neqoxecs (D:9)
  3 basilisks
  5 wargs
  3 acid dragons
  36 nagas
  11 water moccasins
  An ice beast (D:5)
  3 black bears
  An ettin simulacrum (Vaults:2)
  34 orc warriors
  2 human zombies (Vaults:2)
  A necrophage (D:7)
  A hornet zombie (D:8)
  13 ogres
  2 boggarts (Vaults:2)
  30 wolves
  2 lemures (D:5)
  18 centaurs
  2 phantoms
  9 bullfrogs
  4 kobold brigands
  4 gnoll sergeants (D:11)
  A wyvern zombie (D:6)
  2 scorpions
  2 water moccasin skeletons
  10 killer bees
  8 wights
  3 howler monkeys
  10 electric eels
  A bullfrog zombie (D:5)
  2 quasits (D:9)
  4 centaur zombies
  14 orc priests
  9 hounds
  2 jellies
  Jessica (D:2)
  Ijyb (D:3)
  An iguana (D:6)
  20 orc wizards
  A killer bee zombie (D:9)
  2 merfolk zombies (Shoals:4)
  A guardian serpent zombie (Snake:4)
  2 mummies (D:7)
  A cane toad zombie (Lair:6)
  2 howler monkey zombies
  9 gnolls
  7 adders
  A faun zombie (Shoals:1)
  A shadow imp (D:7)
  A white imp (D:6)
  An ufetubus (D:5)
  A manticore zombie (D:12)
  2 water nymph zombies (Shoals:3)
  A yak zombie (D:12)
  4 dart slugs
  73 orcs
  5 bats
  4 endoplasms (D:2)
  2 giant cockroaches
  5 hobgoblins
  3 jackals (D:2)
  A quokka (D:4)
  8 ball pythons
  3 frilled lizards
  14 goblins
  14 kobolds
  2 naga zombies (Snake:2)
  7 rats
  5 tentacles (Shoals:4)
1003 creatures vanquished.

Vanquished Creatures (collateral kills)
  Saint Roka (Snake:2)
  Jorgrun (D:13)
  A sphinx (Vaults:2)
  12 nagarajas (Snake:4)
  A tengu reaver (Vaults:2)
  A vault warden (Vaults:2)
  Aizul (Snake:4)
  2 ironbound preservers (Vaults:1)
  A merfolk impaler (Shoals:1)
  A yaktaur captain (Vaults:3)
  A salamander tyrant (Snake:4)
  A great orb of eyes (Vaults:1)
  6 centaur warriors
  9 naga warriors
  A boulder beetle (D:15)
  A peacekeeper (Vaults:3)
  An ironbound frostheart (Vaults:1)
  A two-headed ogre (D:15)
  3 anacondas
  2 alligator snapping turtles
  2 death yaks
  6 naga sharpshooters
  2 shock serpents
  A titan skeleton (Vaults:2)
  8 sea snakes
  A deep troll (shapeshifter) (Vaults:3)
  2 salamander mystics
  3 deep trolls
  2 naga ritualists (Snake:4)
  A lindwurm (Vaults:2)
  3 harpies
  3 wizards
  A mana viper (Snake:3)
  5 fauns
  10 ugly things
  4 elephants
  An elf zombie (Vaults:2)
  3 salamanders
  5 black mambas
  2 merfolk sirens (Shoals:1)
  2 guardian serpents (Snake:4)
  A vault sentinel (Vaults:2)
  2 naga magi
  2 cane toads
  A komodo dragon (Lair:6)
  A tengu conjurer (D:13)
  6 yaktaurs
  2 meliai (D:15)
  3 wind drakes
  4 merfolk
  A polar bear (Lair:6)
  A deep troll zombie (D:15)
  6 slime creatures
  7 dream sheep
  2 snapping turtles (Shoals:1)
  A blink frog (Lair:2)
  A vampire (Lair:6)
  A wraith (D:13)
  8 yaks
  A basilisk (Lair:5)
  4 nagas
  2 water moccasins
  2 orc warriors
  An ogre (D:15)
  5 wolves
  15 killer bees (D:15)
  An orc wizard (D:12)
  A dream sheep zombie (Lair:6)
  8 orcs
205 creatures vanquished.

Vanquished Creatures (others)
  A ghoul (Vaults:2)
  2 vampire knights (Vaults:2)
  4 skeletal warriors
  4 flayed ghosts
  3 phantasmal warriors
  A harpy (Shoals:4)
  A manticore (Shoals:4)
  3 spectral humans
  4 wraiths
  5 flying skulls
  2 vampires
  A very ugly thing zombie (Vaults:2)
  An orc warrior (Orc:2)
  6 anaconda zombies
  A sphinx zombie (Vaults:2)
  2 shock serpent zombies
  A centaur skeleton (Vaults:2)
  A ghoul skeleton (Vaults:2)
  12 ugly thing zombies
  2 boulder beetle zombies
  8 yaktaur zombies (Vaults:2)
  A death yak zombie (Lair:6)
  9 human zombies
  3 black mamba zombies
  2 guardian serpent zombies
  A mummy (Lair:5)
  5 wind drake zombies
  2 satyr zombies
  7 sea snake zombies
  2 water nymph zombies (Shoals:4)
  3 deep troll zombies (Vaults:1)
  2 dream sheep zombies
  3 faun zombies
  6 merfolk zombies
  4 harpy zombies
  3 snapping turtle zombies
  11 wolf zombies
  4 centaur zombies
  2 blink frog zombies
  3 elephant zombies
  An elf zombie (D:13)
  4 komodo dragon zombies
  4 manticore zombies
  11 salamander zombies
  2 tengu zombies (D:13)
  A troll skeleton (Orc:1)
  2 warg zombies
  3 water moccasin zombies
  2 cane toad zombies
  A yaktaur skeleton (Vaults:1)
  3 cyclops zombies
  A kobold zombie (D:12)
  30 naga zombies
  8 ogre zombies
  10 yak zombies
  A basilisk zombie (Lair:2)
  2 bullfrog zombies
  A dwarf skeleton (Lair:6)
  A howler monkey zombie (D:9)
  3 naga skeletons
  5 orc skeletons
  8 orc zombies
  A troll zombie (Orc:1)
  36 fulminant prisms
  41 fungi
  165 plants
  7 tentacles (Shoals:4)
  10 toadstools (Lair:6)
  6 withered plants (D:15)
508 creatures vanquished.

Grand Total: 1716 creatures vanquished

Notes
Turn   | Place    | Note
-------+----------+-------------------------------------------
     0 | D:1      | lnt the Gargoyle Earth Elementalist began the quest for the
                  | Orb.
     0 | D:1      | Reached XP level 1. HP: 10/10 MP: 3/3
   276 | D:1      | Reached skill level 1 in Transmutations
   276 | D:1      | Reached XP level 2. HP: 13/15 MP: 1/5
   330 | D:1      | You fall into a shaft and drop 1 floor!
   908 | D:2      | Learned a level 2 spell: Passwall
   927 | D:2      | Reached XP level 3. HP: 9/19 MP: 3/6
  1334 | D:2      | Noticed Jessica
  1361 | D:2      | Killed Jessica
  1362 | D:2      | Reached XP level 4. HP: 13/24 MP: 3/7
  1652 | D:2      | Reached XP level 5. HP: 28/28 MP: 5/9
  1955 | D:2      | Found a faded altar of an unknown god.
  2226 | D:2      | Learned a level 3 spell: Stone Arrow
  2439 | D:3      | Noticed Ijyb
  2549 | D:3      | Killed Ijyb
  3025 | D:3      | Found an iron altar of Okawaru.
  3271 | D:4      | Noticed a centaur
  3316 | D:4      | Found a staircase to the Ecumenical Temple.
  3331 | Temple   | Entered the Ecumenical Temple
  3564 | Temple   | Became a worshipper of Yredelemnul the Dark
  3638 | D:4      | Noticed an ogre
  3811 | D:4      | Reached skill level 5 in Earth Magic
  3811 | D:4      | Reached XP level 6. HP: 32/32 MP: 7/10
  3938 | D:4      | Reached skill level 1 in Conjurations
  4442 | D:5      | Entered Level 5 of the Dungeon
  4442 | D:5      | Noticed an ice beast
  4447 | D:5      | Killed an ice beast
  4547 | D:5      | Reached XP level 7. HP: 35/36 MP: 8/11
  4706 | D:5      | Noticed Pikel
  4803 | D:5      | Killed Pikel
  4804 | D:5      | Reached XP level 8. HP: 28/41 MP: 1/12
  4906 | D:5      | Learned a level 4 spell: Petrify
  4954 | D:5      | Found a glowing silver altar of Zin.
  4954 | D:5      | Found a radiant altar of Vehumet.
  4971 | D:5      | You fall into a shaft and drop 1 floor!
  5015 | D:6      | Found a snail-covered altar of Cheibriados.
  5771 | D:5      | Found a stormy altar of Qazlal.
  6391 | D:6      | Reached * piety under Yredelemnul
  6482 | D:6      | Reached skill level 5 in Transmutations
  6635 | D:6      | Reached XP level 9. HP: 45/45 MP: 4/13
  7240 | D:6      | Noticed Eustachio
  7462 | D:6      | Killed Eustachio
  7628 | D:7      | Found a flagged portal.
  7690 | D:7      | Found an ancient bone altar of Kikubaaqudgha.
  7837 | D:7      | Found a transporter.
  7841 | D:7      | You fall into a shaft and drop 1 floor!
  7939 | D:7      | Reached skill level 1 in Fighting
  7993 | D:7      | Reached skill level 5 in Dodging
  8109 | D:7      | Found a transporter.
  8114 | D:7      | Noticed dtburroughs's ghost (novice MiBe)
  8564 | D:8      | Noticed a troll
  8586 | D:8      | Killed a troll
  8628 | D:8      | Reached ** piety under Yredelemnul
  8662 | D:8      | Reached XP level 10. HP: 56/56 MP: 7/14
  8971 | D:8      | Found a staircase to the Lair.
  9254 | D:8      | Found an ornate altar of the Wu Jian Council.
  9673 | D:8      | Noticed a two-headed ogre
  9817 | D:8      | Killed a two-headed ogre
  9818 | D:8      | Reached skill level 1 in Evocations
 10014 | D:8      | Found a white marble altar of Elyvilon.
 10160 | D:7      | Identified a scroll of acquirement
 10160 | D:7      | Acquired a staff of earth
 10571 | D:8      | Learned a level 5 spell: Irradiate
 10591 | D:8      | Reached skill level 1 in Staves
 10650 | D:8      | Reached skill level 5 in Fighting
 10819 | D:9      | Noticed a deep elf pyromancer
 10896 | D:9      | Killed a deep elf pyromancer
 10897 | D:9      | Reached skill level 5 in Spellcasting
 10959 | D:9      | Found a glowing silver altar of Zin.
 11092 | D:9      | Noticed om's ghost (novice PaBe)
 11168 | D:10     | Entered Level 10 of the Dungeon
 11420 | D:10     | Reached XP level 11. HP: 64/64 MP: 12/18
 12186 | D:9      | Found a transporter.
 12265 | D:9      | Found a transporter.
 12430 | D:9      | Reached skill level 5 in Conjurations
 12477 | D:9      | Killed om's ghost
 12815 | D:10     | Reached *** piety under Yredelemnul
 13107 | D:10     | Noticed a centaur warrior
 13121 | D:10     | Killed a centaur warrior
 13643 | D:11     | Noticed Fannar
 14121 | D:11     | Found a staircase to the Orcish Mines.
 14735 | D:11     | Noticed a red ugly thing
 14776 | D:11     | Killed a red ugly thing
 14777 | D:11     | Reached XP level 12. HP: 72/72 MP: 2/22
 15520 | D:7      | Killed dtburroughs's ghost
 15521 | D:7      | Reached skill level 10 in Earth Magic
 15685 | Lair:1   | Entered Level 1 of the Lair of Beasts
 16132 | Lair:2   | Learned a level 4 spell: Fulminant Prism
 16363 | Lair:2   | Reached **** piety under Yredelemnul
 16522 | Lair:1   | Noticed a boulder beetle
 16558 | Lair:1   | Killed a boulder beetle
 16722 | Lair:1   | Found an ornate altar of the Wu Jian Council.
 16722 | Lair:1   | Found a hide-covered altar of Uskayaw.
 16756 | Lair:1   | Received a gift from Yredelemnul (3 flying skulls)
 17189 | Lair:1   | Noticed a death yak
 17193 | Lair:1   | Noticed a death yak
 17194 | Lair:1   | Killed a death yak
 17198 | Lair:1   | Noticed a death yak
 17200 | Lair:1   | Killed a death yak
 17207 | Lair:1   | Killed a death yak
 17585 | Lair:2   | Noticed a four-headed hydra
 17594 | Lair:1   | Killed a four-headed hydra
 18147 | Lair:2   | Noticed a seven-headed hydra
 18159 | Lair:2   | Killed a seven-headed hydra
 18319 | Lair:2   | Reached skill level 1 in Invocations
 18354 | Lair:2   | Found a staircase to the Shoals.
 18592 | Lair:2   | Reached XP level 13. HP: 67/76 MP: 1/25
 19186 | Lair:3   | Found a runed translucent door.
 19478 | Lair:3   | You fall into a shaft and drop 3 floors!
 19478 | Lair:6   | Entered Level 6 of the Lair of Beasts
 19544 | Lair:5   | Reached skill level 10 in Conjurations
 21045 | Lair:5   | Found a sacrificial altar of Ru.
 21095 | Lair:5   | Received a gift from Yredelemnul (a mummy)
 21511 | Lair:4   | Received a gift from Yredelemnul (a wraith)
 21551 | Lair:4   | Reached skill level 5 in Invocations
 21633 | Lair:4   | Found a staircase to the Snake Pit.
 21689 | Lair:4   | Received a gift from Yredelemnul (a wraith)
 22353 | Lair:4   | Received a gift from Yredelemnul (a wraith)
 23126 | Lair:5   | Reached ***** piety under Yredelemnul
 23471 | Lair:5   | Received a gift from Yredelemnul (a vampire)
 23708 | Lair:6   | Gained mutation: Your large and strong wings let you fly.
                  | [Gargoyle growth]
 23708 | Lair:6   | Reached XP level 14. HP: 82/84 MP: 24/27
 23726 | Lair:6   | Found a blossoming altar of Fedhas.
 24204 | Lair:6   | Found a staircase to the Slime Pits.
 24204 | Lair:6   | Found a viscous altar of Jiyva.
 24300 | Lair:6   | Received a gift from Yredelemnul (a vampire)
 25146 | Lair:6   | Noticed a dire elephant
 25448 | Lair:6   | Killed a dire elephant
 25560 | Lair:6   | Identified the +10 trident "Veepnimmobb" {venom, *Rage Fly
                  | rElec Stlth+}
 25563 | Lair:6   | Got the Grimoire of Ghastly Attacks
 26007 | Lair:3   | Noticed an entropy weaver
 26448 | D:11     | Killed Fannar
 26529 | Orc:1    | Entered Level 1 of the Orcish Mines
 27044 | Orc:1    | Paralysed by an orc sorcerer for 6 turns
 27352 | Orc:2    | Entered Level 2 of the Orcish Mines
 27359 | Orc:2    | Received a gift from Yredelemnul (a wraith)
 27543 | Orc:2    | Reached skill level 10 in Spellcasting
 28841 | Orc:2    | Found a staircase to the Elven Halls.
 29071 | Orc:2    | Found Qudirch's Armour Shoppe.
 29071 | Orc:2    | Found Copn's Antique Armour Shop.
 29071 | Orc:2    | Found Harapes's Antique Armour Boutique.
 29083 | Orc:2    | Found Poacenn's Jewellery Emporium.
 29093 | Orc:2    | Bought a thick robe for 153 gold pieces
 29093 | Orc:2    | Identified the +1 robe "Waick" {*Corrode rC++} (You bought
                  | it in a shop on level 2 of the Orcish Mines)
 29101 | Orc:2    | Bought a jacinth-encrusted leather armour for 182 gold
                  | pieces
 29101 | Orc:2    | Identified the +3 leather armour of the Armoured One {rPois
                  | rF- Int+3} (You bought it in a shop on level 2 of the
                  | Orcish Mines)
 29128 | Orc:2    | Acquired 1033 gold pieces
 29144 | Orc:2    | Learned a level 6 spell: Iron Shot
 29257 | Orc:2    | Found a runed translucent gate.
 29258 | Orc:2    | Found a runed translucent gate.
 29259 | Orc:2    | Found a runed translucent gate.
 29259 | Orc:2    | Noticed Tinen's ghost (journeyman TrMo)
 29676 | Orc:2    | Reached skill level 5 in Staves
 31054 | D:12     | Received a gift from Yredelemnul (4 flying skulls)
 32103 | D:12     | Received a gift from Yredelemnul (a skeletal warrior)
 32232 | D:13     | Noticed Josephine
 32235 | D:13     | Killed Josephine
 32240 | D:12     | Reached XP level 15. HP: 78/90 MP: 7/29
 32353 | D:13     | Noticed Jorgrun
 32358 | D:13     | Killed Jorgrun
 32602 | D:13     | Received a gift from Yredelemnul (a skeletal warrior)
 32870 | D:13     | Found a gate to the Vaults.
 33541 | D:13     | Found a sacrificial altar of Ru.
 34357 | D:14     | Received a gift from Yredelemnul (a phantasmal warrior)
 34905 | D:14     | Found a transporter.
 35312 | D:14     | Found a one-way gate to the infinite horrors of the Abyss.
 35321 | D:14     | Found a transporter.
 35419 | D:14     | Noticed Uqorphet's ghost (journeyman DECj)
 35575 | Orc:2    | Bought the ring of Fatiel {+Blink Fly rC+ Int+2} for 543
                  | gold pieces
 35683 | D:15     | Entered Level 15 of the Dungeon
 35818 | D:15     | Found a staircase to the Depths.
 36036 | D:15     | Received a gift from Yredelemnul (a skeletal warrior)
 36523 | D:15     | Received a gift from Yredelemnul (a vampire)
 37010 | D:15     | Found an ornate altar of the Wu Jian Council.
 37718 | D:15     | Reached XP level 16. HP: 96/96 MP: 20/32
 38136 | Snake:1  | Entered Level 1 of the Snake Pit
 38505 | Snake:1  | Found Kaegyibu's Jewellery Boutique.
 38506 | Snake:1  | Found Futhrody's Book Emporium.
 38509 | Snake:1  | Found Caroh's Jewellery Boutique.
 38548 | Snake:1  | Found a sacrificial altar of Ru.
 38608 | Snake:1  | Identified the +4 ring mail of Duck's Teeth {rN+ Will+
                  | Str+4 Stlth-}
 38759 | Snake:1  | Noticed Frances
 39273 | Snake:1  | Killed Frances
 39274 | Snake:1  | Reached skill level 1 in Armour
 40132 | Snake:2  | Noticed Vashnia
 40971 | Snake:1  | Learned a level 5 spell: Lee's Rapid Deconstruction
 40976 | Snake:1  | Learned a level 4 spell: Iskenderun's Mystic Blast
 41012 | Snake:2  | Noticed Saint Roka
 41365 | Snake:2  | Received a gift from Yredelemnul (a vampire)
 41730 | Snake:1  | Your ally Frances died
 42899 | Snake:2  | Killed Vashnia
 43499 | Snake:2  | Found a runed translucent door.
 43522 | Snake:2  | Received a gift from Yredelemnul (a skeletal warrior)
 43542 | Snake:2  | Killed Saint Roka
 45246 | Snake:3  | Reached XP level 17. HP: 86/101 MP: 29/35
 45431 | Snake:3  | Reached skill level 10 in Fighting
 45431 | Snake:3  | Reached skill level 10 in Staves
 45588 | Snake:3  | Received a gift from Yredelemnul (a flayed ghost)
 46278 | Snake:4  | Entered Level 4 of the Snake Pit
 47355 | Snake:4  | Received a gift from Yredelemnul (a vampire knight)
 47580 | Snake:4  | Noticed Aizul
 47588 | Snake:4  | Killed Aizul
 47933 | Snake:4  | Found Ownoux Unome's Distillery.
 47941 | Snake:4  | Bought a potion of magic for 96 gold pieces
 47941 | Snake:4  | Bought a potion of heal wounds for 60 gold pieces
 47941 | Snake:4  | Bought a potion of curing for 36 gold pieces
 48437 | Snake:4  | Received a gift from Yredelemnul (a ghoul)
 48470 | Snake:4  | Reached skill level 15 in Spellcasting
 48636 | Snake:4  | Reached XP level 18. HP: 89/112 MP: 12/37
 48726 | Snake:4  | Got a serpentine rune of Zot
 48994 | Shoals:1 | Entered Level 1 of the Shoals
 49090 | Snake:1  | Bought a ring of willpower for 325 gold pieces
 49300 | Shoals:1 | Received a gift from Yredelemnul (a phantasmal warrior)
 49665 | Shoals:1 | Reached ****** piety under Yredelemnul
 49922 | Shoals:1 | Received a gift from Yredelemnul (a skeletal warrior)
 50447 | Shoals:1 | Noticed Nikola
 50452 | Shoals:1 | Killed Nikola
 50703 | Shoals:2 | Noticed Polyphemus
 51290 | Shoals:2 | Killed Polyphemus
 51537 | Shoals:2 | Received a gift from Yredelemnul (a bone dragon)
 51839 | Shoals:2 | Acquired the Reference Book on the Fiery Rocks
 52652 | Shoals:3 | Killed a bone dragon
 53108 | Shoals:3 | Found Oblavigh's Armour Emporium.
 53122 | Shoals:3 | Bought the +3 buckler of Resonance {Int+6} for 586 gold
                  | pieces
 53756 | Shoals:3 | Received a gift from Yredelemnul (a phantasmal warrior)
 54446 | Shoals:3 | Received a gift from Yredelemnul (a flayed ghost)
 54758 | Shoals:4 | Entered Level 4 of the Shoals
 54943 | Shoals:4 | Reached skill level 15 in Conjurations
 55422 | Shoals:4 | Received a gift from Yredelemnul (a flayed ghost)
 55784 | Shoals:4 | Reached XP level 19. HP: 119/119 MP: 24/38
 55828 | Shoals:4 | Identified the +2 robe of the Four Wishes {rCorr Str+2}
 55833 | Shoals:4 | Reached skill level 1 in Shields
 56155 | Shoals:4 | Got a barnacled rune of Zot
 57817 | Vaults:1 | Entered Level 1 of the Vaults
 58019 | Vaults:1 | Received a gift from Yredelemnul (a bone dragon)
 58476 | Vaults:1 | Identified the +8 long sword of Grand Optimality {vorpal,
                  | +Rage Str+2 Dex+4}
 58922 | Vaults:1 | Acquired the ring of Pride {Wiz rN+ rCorr MP+9 Dex-4}
 59352 | Vaults:1 | Identified the +1 robe of Bedevilment {Will- Regen+ Stlth+}
 59527 | Vaults:1 | Identified the +2 scale mail of Fedhas's Condemnation {+Inv
                  | rPois rF+ Will+}
 59554 | Vaults:1 | Killed a bone dragon
 59761 | Vaults:1 | Received a gift from Yredelemnul (a ghoul)
 60236 | Vaults:2 | Found a huge runed gate.
 60236 | Vaults:2 | Found a huge runed gate.
 60236 | Vaults:2 | Found a huge runed gate.
 60236 | Vaults:2 | Found a huge runed gate.
 60236 | Vaults:2 | Found a huge runed gate.
 60236 | Vaults:2 | Found a huge runed gate.
 60236 | Vaults:2 | Found a huge runed gate.
 60237 | Vaults:2 | Found a huge runed gate.
 60237 | Vaults:2 | Found a huge runed gate.
 60237 | Vaults:2 | Found a huge runed gate.
 60245 | Vaults:2 | Found a huge runed gate.
 60245 | Vaults:2 | Found a huge runed gate.
 60245 | Vaults:2 | Found a huge runed gate.
 60245 | Vaults:2 | Found a huge runed gate.
 60245 | Vaults:2 | Found a huge runed gate.
 60247 | Vaults:2 | Found a huge runed gate.
 60248 | Vaults:2 | Found a huge runed gate.
 60249 | Vaults:2 | Found a huge runed gate.
 60250 | Vaults:2 | Found a huge runed gate.
 60258 | Vaults:2 | Found a huge runed gate.
 60258 | Vaults:2 | Found a huge runed gate.
 60258 | Vaults:2 | Found a huge runed gate.
 60258 | Vaults:2 | Found a huge runed gate.
 60258 | Vaults:2 | Found a huge runed gate.
 60259 | Vaults:2 | Found a huge runed gate.
 60260 | Vaults:2 | Found a huge runed gate.
 60261 | Vaults:2 | Found a huge runed gate.
 60262 | Vaults:2 | Found a huge runed gate.
 60270 | Vaults:2 | Found a huge runed gate.
 60270 | Vaults:2 | Found a huge runed gate.
 60270 | Vaults:2 | Found a huge runed gate.
 60270 | Vaults:2 | Found a huge runed gate.
 60270 | Vaults:2 | Found a huge runed gate.
 60270 | Vaults:2 | Found a huge runed gate.
 60270 | Vaults:2 | Found a huge runed gate.
 60271 | Vaults:2 | Found a huge runed gate.
 60326 | Vaults:2 | You are sucked into a shaft and drop 2 floors!
 60677 | Vaults:3 | Found a crumbling gateway.
 60814 | Vaults:3 | Received a gift from Yredelemnul (a vampire knight)
 61422 | Vaults:2 | Received a gift from Yredelemnul (a vampire knight)
 61434 | Vaults:2 | Reached skill level 5 in Evocations
 61435 | Vaults:2 | Reached XP level 20. HP: 125/125 MP: 9/40
 61989 | Vaults:2 | Learned a level 5 spell: Iskenderun's Battlesphere
 61995 | Vaults:2 | Received a gift from Yredelemnul (a flayed ghost)
 62996 | Vaults:2 | Reached skill level 10 in Invocations
 63060 | Vaults:2 | Found a portal to a secret trove of treasure.
 63295 | Vaults:2 | Found Ifiacolif's Antique Weapon Boutique.
 63552 | Vaults:2 | Noticed a hellephant
 63552 | Vaults:2 | Noticed a hellephant
 63586 | Vaults:2 | Killed from afar by a hell knight

Illustrated notes

Levels and vault maps discovered:
D:1:      psy_arrival_radial01, layout_basic
D:2:      layout_basic, basic_ecumenical_altar, minmay_mini_jars, uniq_jessica
D:3:      layout_basic, kennysheep_okawaru_gauntlet, uniq_ijyb
D:4:      layout_basic, minmay_temple_entry_waves, kennysheep_generic_room_11
D:5:      layout_loops_ring, nicolae_overflow_hidden_temple, uniq_pikel
D:6:      layout_cave_pools, cheibriados_altar_1, kennysheep_cross_room,
          nrook_campfire, uniq_eustachio
D:7:      layout_cave_pools, mainiacjoe_overflow_24_doors,
          gammafunk_ghost_mausoleum, enter_bailey_5
D:8:      layout_basic, lemuel_coloured_pillars_altar,
          mainiacjoe_overflow_cross_hatched, erik_lair_island
D:9:      layout_basic, gammafunk_ghost_stat_death, grunt_ministairs_9,
          minmay_ruined_shrine
D:10:     layout_basic
D:11:     layout_stronghold, kennysheep_orc_monster_closet_entryway, uniq_fannar
D:12:     layout_loops_cross, minmay_orc_keep
D:13:     layout_roguey, grunt_vaults_entry_fortified,
          nicolae_ru_the_path_less_chosen, uniq_jorgrun, uniq_josephine
D:14:     layout_rooms, gammafunk_ghost_abyssal_escape,
          minmay_misc_feat_nine_boxes
D:15:     gammafunk_depths_entry_grave, layout_basic, special_room
          [special_room_bee], minmay_tree_intersection,
          pdpol_wu_jian_five_deadly_venoms
Temple:   eino_temple_water
Lair:1:   layout_cave_pods, chequers_serial_rivers_micro_e, st_stairs_10,
          nzn_masters_of_martial_movement
Lair:2:   layout_gridlike, minmay_shoals_entry_beasts, minivault_25,
          minmay_lair_oklob_chamber, grunt_megastairs_3
Lair:3:   gammafunk_mikee_crab_dinner, layout_cave_pods, serial_bayou_shore_a
Lair:4:   layout_gridlike, guppyfry_snake_entry_garden
Lair:5:   layout_gridlike, basic_altar, wad_woods_river_01
Lair:6:   grunt_lair_end_beastmaster, layout_big_grid, slime_altar_1,
          tgw_fedhas, lemuel_fruit_tree
Shoals:1: layout_shoals, uniq_nikola
Shoals:2: layout_shoals, uniq_polyphemus
Shoals:3: layout_shoals, serial_shops, shop
Shoals:4: shoals_end_grunt_ice, layout_shoals
Snake:1:  layout_onion, basic_altar, nicolae_snake_round_shape_thing,
          minmay_shop_grove, uniq_frances
Snake:2:  layout_gridlike, lightli_airlock, grunt_megastairs_1, uniq_vashnia,
          uniq_saint_roka
Snake:3:  layout_layer_cave, portal_ice_cave_entry_frozen_things,
          serial_bayou_shore_b, grunt_megastairs_4
Snake:4:  grunt_snake_rune_spirals, layout_onion_interference, serial_shops,
          shop_statue, serial_bayou_pond_b, uniq_aizul
Orc:1:    layout_diamond_mine
Orc:2:    st_orc_rangers, layout_caves, gammafunk_ghost_split
Vaults:1: ontoclasm_vaults_ring_large, v_misc_30, v_misc_17, v_misc_12,
          nicolae_vaults_network_barrier, nicolae_vaults_sealed_display,
          nicolae_vaults_diagonal_hallway_7, serial_ice_m,
          nicolae_vaults_diagonal_hallway_9, layout_vaults_omnicross
Vaults:2: nicolae_vaults_specimen_jars, nicolae_vaults_big_angled_halls,
          hangedman_vaults_variations, nicolae_vaults_alarming,
          hangedman_vaults_impose, v_misc_30, nicolae_vaults_network_s,
          vaults_not_door_vault_due, hangedman_vaults_nodes,
          hangedman_vaults_trim, nicolae_vaults_big_angled_halls,
          layout_vaults_omnibox, serial_shops, nicolae_shop_trees, enter_trove_5
Vaults:3: v_misc_14, grunt_vaults_diagonal, vaults_room_fancy_cross,
          minmay_crypt_entry_simple_corners, nicolae_vaults_hallways_thing,
          st_lattice, vaults_mumra_minichess_inversion,
          hangedman_vaults_restitches, dpeg_vaults_monster_box,
          grunt_vaults_twisty, ontoclasm_vaults_spin, layout_vaults_ring,
          portal_desolation_entry_salt
Vaults:4: vaults_room_fours, vaults_dpeg_ring, ontoclasm_vaults_bender,
          nicolae_vaults_mini_display_case, v_pattern_1, v_misc_15,
          nicolae_vaults_minivaults, nicolae_vaults_inception_statues,
          hangedman_vaults_slither, v_misc_18, vaults_standard_mumra_lines,
          grunt_vaults_hallway_long, v_misc_16,
          nicolae_vaults_diagonal_hallway_9, layout_vaults_maze

Skill      XL: |  1  2  3  4  5  6  7  8  9 10 11 12 13 14 15 16 17 18 19 20 |
---------------+-------------------------------------------------------------+-----
Transmutations | 1 2 3 5 7 8 |  8.0
Dodging        | 2 3 5 6 7 8 |  8.3
Earth Magic    | 4 5 6 8 9 10 11 12 13 14 | 14.2
Spellcasting   | 3 5 7 8 9 10 12 14 15 16 | 16.6
Conjurations   | 2 3 4 7 9 11 12 13 14 15 16 | 16.2
Fighting       | 3 5 7 8 9 12 13 | 13.9
Evocations     | 2 3 5 |  5.8
Staves         | 2 6 8 9 10 12 | 12.0
Invocations    | 1 6 8 9 10 | 10.1
Armour         | 4 |  4.1
Shields        | 4 |  4.0
Stealth        | |  2.1

Action                   |  1- 3 |  4- 6 |  7- 9 | 10-12 | 13-15 | 16-18 | 19-21 || total
-------------------------+-------+-------+-------+-------+-------+-------+-------++-------
Melee: Whip              |    12 |     9 |       |       |       |       |       ||    21
       Unarmed           |     1 |       |       |       |       |       |       ||     1
       Dagger            |       |     1 |    28 |    11 |       |       |       ||    40
       Short sword       |       |     1 |       |     2 |       |       |       ||     3
       Staff             |       |       |       |    71 |   125 |   116 |    67 ||   379
Throw: Dart              |       |       |     4 |     3 |    11 |       |       ||    18
 Cast: Sandblast         |    33 |    69 |    41 |     5 |       |       |       ||   148
       Passwall          |       |     1 |     1 |       |     1 |     1 |       ||     4
       Stone Arrow       |       |     2 |   107 |   352 |   509 |   156 |    56 ||  1182
       Petrify           |       |       |     2 |    12 |    21 |     4 |     7 ||    46
       Irradiate         |       |       |       |       |     8 |     5 |     4 ||    17
       Iron Shot         |       |       |       |       |   196 |   378 |   189 ||   763
       Fulminant Prism   |       |       |       |       |    15 |    17 |     4 ||    36
       Lee's Rapid Decon |       |       |       |       |       |    28 |    44 ||    72
       Iskenderun's Myst |       |       |       |       |       |     1 |       ||     1
       Iskenderun's Batt |       |       |       |       |       |       |     3 ||     3
Invok: Animate Remains   |       |       |       |     3 |       |       |       ||     3
       Recall Undead Sla |       |       |       |     2 |     2 |     2 |     5 ||    11
       Animate Dead      |       |       |       |     8 |    55 |    80 |    34 ||   177
       Injury Mirror     |       |       |       |     1 |       |       |       ||     1
       Enslave Soul      |       |       |       |       |       |       |     9 ||     9
       Drain Life        |       |       |       |       |       |       |     1 ||     1
Evoke: Wand              |       |     2 |     5 |    17 |     3 |     7 |     1 ||    35
       Phial of floods   |       |       |       |     1 |       |     2 |     1 ||     4
       Box of beasts     |       |       |       |       |       |       |     1 ||     1
  Use: Scroll            |       |       |       |    18 |    14 |    15 |     9 ||    56
       Potion            |       |       |       |     3 |     6 |     8 |     8 ||    25
 Stab: Petrified         |       |       |    17 |       |     5 |       |     2 ||    24
       Distracted        |       |       |       |       |     2 |     3 |       ||     5
       Sleeping          |       |       |       |       |     1 |       |       ||     1
       Paralysed         |       |       |       |       |       |       |     1 ||     1
Armor: Robe              |     7 |    14 |    32 |   135 |   242 |     8 |       ||   438
       Ring mail         |       |       |       |       |       |   321 |   224 ||   545
       Skin              |       |       |       |       |       |       |     1 ||     1
Dodge: Dodged            |    13 |    23 |    60 |   293 |   453 |   303 |   172 ||  1317
Block: Buckler           |       |       |       |       |       |    32 |   106 ||   138
